 Dungeon Crawl Stone Soup version 0.23-a0-183-gf37f6fb (webtiles) character file.

126 4thArraOfDagon the Slasher (level 4, 0/33 HPs)
             Began as a Mummy Warper on Sept 21, 2018.
             Slain by a phantom (4 damage)
             ... on level 5 of the Dungeon.
             The game lasted 00:05:58 (1844 turns).

4thArraOfDagon the Slasher (Mummy Warper)           Turns: 1844, Time: 00:05:58

Health: 0/33       AC:  7    Str: 14    XL:     4   Next: 84%
Magic:  8/8        EV: 11    Int: 13    God:
Gold:   35         SH:  0    Dex: 11    Spells: 8/8 levels left

rFire    . . .     SeeInvis .   a - +0 falchion
rCold    + . .     Gourm    .   (no shield)
rNeg     + + +     Faith    .   l - +2 leather armour {rPois}
rPois    ∞         Spirit   .   f - +2 hat
rElec    .         Reflect  .   (no cloak)
rCorr    .         Harm     .   (no gloves)
MR       .....                  (no boots)
Stlth    +.........             (no amulet)
HPRegen  0.11/turn              h - ring of protection from fire
MPRegen  0.11/turn              (no ring)

@: slowed, very slow
A: no food or potions, fire vulnerability, cold resistance 1, negative energy
resistance 3, torment resistance, unbreathing
a: no special abilities


You were on level 5 of the Dungeon.
You were not hungry.

You visited 1 branch of the dungeon, and saw 5 of its levels.

You collected 131 gold pieces.
You spent 96 gold pieces at shops.

Inventory:

Hand Weapons
 a - a +0 falchion (weapon)
Missiles
 e - 5 tomahawks of dispersal (quivered)
Armour
 b - a +0 leather armour
 f - a +2 hat (worn)
 j - a +0 ring mail
 l - a +2 leather armour of poison resistance (worn)
Jewellery
 h - a ring of protection from fire (left hand)
Wands
 m - a wand of iceblast (3)
 n - a wand of paralysis (4)
Scrolls
 c - a scroll of remove curse
 d - 2 scrolls of identify {unknown}
 g - a scroll of enchant weapon {unknown}
 i - a scroll of enchant armour {unknown}
 k - a scroll of immolation {unknown}


   Skills:
 - Level 2.0 Fighting
 * Level 4.2 Long Blades
 - Level 0.7 Throwing
 - Level 0.7 Armour
 - Level 1.5 Dodging
 - Level 2.6 Spellcasting
   Level 2.4 Translocations


You had 8 spell levels left.
You didn't know any spells.
Your spell library contained the following spells:

 Spells                   Type           Power        Failure   Level  Hunger
 Blink                    Tloc           N/A          17%         2    N/A
 Shroud of Golubria       Chrm/Tloc      #.........   28%         2    N/A
 Gell's Gravitas          Tloc           #.........   32%         3    N/A
 Lesser Beckoning         Tloc           #.........   32%         3    N/A
 Teleport Other           Tloc           #.......     32%         3    N/A
 Passage of Golubria      Tloc           N/A          73%         4    N/A

Dungeon Overview and Level Annotations

Branches:
Dungeon (5/15)
 Temple: D:4-7

Altars:
Fedhas
Kikubaaqudgha
Uskayaw

Shops:
D:4 }

Annotations:
D:4 Ijyb


Innate Abilities, Weirdness & Mutations

You do not eat or drink.
Your flesh is vulnerable to fire.
You are immune to poison.
Your flesh is cold resistant. (rC+)
You are immune to negative energy. (rN+++)
You are immune to unholy pain and torment.
You can survive without breathing.


Message History

Your Long Blades skill increases to level 4!
The iceblast engulfs the orc.
You kill the orc!
The iceblast engulfs the giant cockroach.
You kill the giant cockroach!
A hound comes into view.
The orc wizard casts a spell at you. The puff of flame hits you!
* * * LOW HITPOINT WARNING * * *
Unknown command.
Unknown command.
Evoke which item? (* to show all) (? for menu, Esc to quit)
Aiming: Iceblast
Press: ? - help, Shift-Dir - straight line The mass of ice explodes!
The iceblast engulfs the hound.
The hound is severely wounded.
The iceblast engulfs the orc wizard.
The orc wizard is heavily wounded.
The phantom hits you.
You die... #..PP.# # #P.PPP#

### #PP_.P# ####..
###PPP.P###.....
##...PPP.......## .#
#.............##
...#####...........$##
#...............<.##
##..@W.......$..#
##...########.## #..##
### #..# #.h# #.o#
#.)# #)†# #..


You could see a phantom, a hound and an orc wizard.

Vanquished Creatures
  A jelly (D:5)
  An orc wizard (D:5)
  An adder (D:2)
  An ooze (D:3)
  2 dart slugs (D:2)
  A leopard gecko (D:2)
  4 orcs
  5 bats
  6 giant cockroaches
  5 goblins
  5 hobgoblins
  3 jackals (D:1)
  A ball python (D:4)
  4 frilled lizards
  3 kobolds
  A rat (D:2)
44 creatures vanquished.

Notes
Turn   | Place    | Note
-------+----------+-------------------------------------------
     0 | D:1      | 4thArraOfDagon the Mummy Warper began the quest for the
                  | Orb.
     0 | D:1      | Reached XP level 1. HP: 16/16 MP: 4/4
   476 | D:1      | Reached skill level 2 in Long Blades
   645 | D:1      | Reached XP level 2. HP: 21/22 MP: 5/5
  1169 | D:3      | Reached XP level 3. HP: 21/27 MP: 7/7
  1179 | D:3      | Reached skill level 3 in Long Blades
  1185 | D:3      | Found a hide-covered altar of Uskayaw.
  1345 | D:4      | Noticed Ijyb
  1744 | D:4      | Found Rajyxen's Gadget Shoppe.
  1751 | D:4      | Bought a wand of paralysis (6) for 96 gold pieces
  1751 | D:4      | Noticed a phantom
  1777 | D:4      | Found an ancient bone altar of Kikubaaqudgha.
  1784 | D:5      | Entered Level 5 of the Dungeon
  1784 | D:5      | Found a blossoming altar of Fedhas.
  1832 | D:5      | Reached XP level 4. HP: 12/33 MP: 8/8
  1842 | D:5      | Reached skill level 4 in Long Blades
  1844 | D:5      | Slain by a phantom

Vault maps used:
D:1:      erik_arrival_cave_to_civilisation
D:2:      first_ration, hex_medium, minmay_tripent
D:3:      lemuel_coloured_pillars_altar
D:4:      overflow_temple_1_default, serial_shops, shop, uniq_ijyb,
          uniq_menkaure
D:5:      lemuel_round_altar, fedhas_altar_3, uniq_grinder,
          uniq_crazy_yiuf_cottage

Skill      XL: |  1  2  3  4 |
---------------+-------------+-----
Long Blades    | 2 3 4 |  4.2
Fighting       | |  2.0
Throwing       | |  0.7
Armour         | |  0.7
Dodging        | |  1.5
Spellcasting   | |  2.6
Translocations | |  2.4

Action                   |  1- 3 |  4- 6 || total
-------------------------+-------+-------++-------
Melee: Falchion          |   126 |       ||   126
Evoke: Wand              |     3 |     4 ||     7
  Use: Scroll            |     5 |       ||     5
Armor: Leather armour    |    51 |       ||    51
       Ring mail         |    10 |       ||    10
Dodge: Dodged            |    94 |       ||    94
       Rpst.: Falchion   |    39 |       ||    39

Table legend:
 A = Non-vault XP
 B = Vault XP
 C = Vault XP percentage of total XP
 D = Non-vault monster count
 E = Vault monster count
 F = Vault count percentage of total count
                 A         B        C        D         E       F
            +---------+---------+-------+---------+---------+-------
      Total |     176 |       5 |   2.8 |      42 |       2 |   4.5
            +---------+---------+-------+---------+---------+-------
        D:1 |      24 |       0 |   0.0 |      15 |       0 |   0.0
        D:2 |      31 |       5 |  13.9 |      10 |       2 |  16.7
        D:3 |      24 |       0 |   0.0 |       9 |       0 |   0.0
        D:4 |       4 |       0 |   0.0 |       3 |       0 |   0.0
        D:5 |      93 |       0 |   0.0 |       5 |       0 |   0.0
            +---------+---------+-------+---------+---------+-------
